NWL (28 & UNDER)
RED DEER WRANGLERS @ SAN DIEGO SMASHERS
06/08/2028
 
TOP OF THE 1ST
Red Deer Wranglers batting - Pitching for San Diego Smashers : LHP Rafael Alemán
Pitching: LHP Rafael Alemán
Batting: SHB Robbie Rhodes 0-0: Ball
1-0: Ball
2-0: Called Strike
2-1: DOUBLE (Line Drive, 9LM)
Batting: LHB Jorge Olvera 0-0: Ground out 4-3 (Groundball, 4)
Robbie Rhodes to third
Batting: RHB Allen Brown 0-0: Called Strike
0-1: Ball
1-1: Foul Ball, location: 2F
1-2: Strikes out swinging
Batting: LHB Fred Abrams 0-0: Called Strike
0-1: Foul Ball, location: 2F
0-2: Ball
1-2: Foul Ball, location: 2F
1-2: Ball
2-2: Foul Ball, location: 2F
2-2: Foul Ball, location: 2F
2-2: Ball
3-2: SINGLE (Line Drive, 89S)
Robbie Rhodes scores
Batting: RHB Luis Ibarra 0-0: Ball
1-0: Called Strike
1-1: Called Strike
1-2: Strikes out swinging
Top of the 1st over - 1 run(s), 2 hit(s), 0 error(s), 1 left on base; Red Deer 1 - San Diego 0
BOTTOM OF THE 1ST
San Diego Smashers batting - Pitching for Red Deer Wranglers : RHP José Ramos
Pitching: RHP José Ramos
Batting: LHB Michael Myers 0-0: Called Strike
0-1: Ball
1-1: Ball
2-1: DOUBLE (Line Drive, 78XD)
Batting: RHB Gerald Davis 0-0: Called Strike
0-1: Ball
1-1: Ball
2-1: Fly out, F8 (Line Drive, 8RM)
Batting: LHB Ethan Shaw 0-0: Foul Ball, location: 2F
0-1: Ball
1-1: 2-RUN HOME RUN (Flyball, 9LD), Distance : 372 ft
Batting: LHB Richard Brooks 0-0: Ball
1-0: Foul Ball, location: 2F
1-1: Fly out, F7 (Flyball, 7D)
Batting: RHB Ray Rogers 0-0: Ball
1-0: Ball
2-0: Called Strike
2-1: DOUBLE (Line Drive, 7LM)
Batting: RHB Gustavo Torres 0-0: Ball
1-0: Called Strike
1-1: Called Strike
1-2: Ball
2-2: Foul Ball, location: 2F
2-2: Strikes out swinging
Bottom of the 1st over - 2 run(s), 3 hit(s), 0 error(s), 1 left on base; Red Deer 1 - San Diego 2
TOP OF THE 2ND
Red Deer Wranglers batting - Pitching for San Diego Smashers : LHP Rafael Alemán
Batting: LHB Alejandro Rojas 0-0: Ball
1-0: Ball
2-0: Ball
3-0: Swinging Strike
3-1: Foul Ball, location: 2F
3-2: Strikes out swinging
Batting: RHB Ben Fisher 0-0: Ball
1-0: DOUBLE (Line Drive, 9LD)
Batting: RHB Art Cameron 0-0: Ball
1-0: Swinging Strike
1-1: Foul Ball, location: 2F
1-2: Ball
2-2: Ball
3-2: Strikes out looking
Batting: RHB Steve Burton 0-0: Ball
1-0: Foul Ball, location: 2F
1-1: Swinging Strike
1-2: Foul Ball, location: 2F
1-2: Foul Ball, location: 2F
1-2: Ball
2-2: Strikes out looking
Top of the 2nd over - 0 run(s), 1 hit(s), 0 error(s), 1 left on base; Red Deer 1 - San Diego 2
BOTTOM OF THE 2ND
San Diego Smashers batting - Pitching for Red Deer Wranglers : RHP José Ramos
Batting: RHB John Nelson 0-0: Ball
1-0: Ball
2-0: Ball
3-0: Called Strike
3-1: Swinging Strike
3-2: SINGLE (Groundball, 34D)
Batting: RHB Manny Torrez 0-0: Called Strike
0-1: Called Strike
0-2: Foul Ball, location: 2F
0-2: Fly out, F8 (Flyball, 8RM)
Batting: RHB Dave King 0-0: Fly out, F8 (Flyball, 8RS)
Batting: LHB Michael Myers 0-0: Called Strike
John Nelson is caught stealing 2nd base
Bottom of the 2nd over - 0 run(s), 1 hit(s), 0 error(s), 0 left on base; Red Deer 1 - San Diego 2
TOP OF THE 3RD
Red Deer Wranglers batting - Pitching for San Diego Smashers : LHP Rafael Alemán
Batting: SHB Robbie Rhodes 0-0: Ball
1-0: Ball
2-0: Called Strike
2-1: Called Strike
2-2: SINGLE (Groundball, 6MD)
Batting: LHB Jorge Olvera 0-0: Ball
1-0: Called Strike
1-1: Foul Ball, location: 2F
1-2: Foul Ball, location: 2F
1-2: Ball
2-2: Fly out, F8 (Flyball, 8LM)
Batting: RHB Allen Brown 0-0: Called Strike
0-1: Reached on error, E6 (Groundball, 6)
Robbie Rhodes to second
Batting: LHB Fred Abrams 0-0: Called Strike
0-1: Called Strike
0-2: Ball
1-2: Foul Ball, location: 2F
1-2: Fly out, F8 (Flyball, 8LM)
Batting: RHB Luis Ibarra 0-0: Ball
1-0: Fielders Choice at 2nd, 5-4 (Groundball, 56)
Top of the 3rd over - 0 run(s), 1 hit(s), 1 error(s), 1 left on base; Red Deer 1 - San Diego 2
BOTTOM OF THE 3RD
San Diego Smashers batting - Pitching for Red Deer Wranglers : RHP José Ramos
Batting: LHB Michael Myers 0-0: Ground out U3 (Groundball, 3)
Batting: RHB Gerald Davis 0-0: Ball
1-0: Ball
2-0: Ball
3-0: Foul Ball, location: 2F
3-1: Called Strike
3-2: SINGLE (Groundball, 34D)
Batting: LHB Ethan Shaw 0-0: Ball
Gerald Davis is caught stealing 2nd base
1-0: Ball
2-0: Foul Ball, location: 2F
2-1: Fly out, F7 (Line Drive, 7)
Bottom of the 3rd over - 0 run(s), 1 hit(s), 0 error(s), 0 left on base; Red Deer 1 - San Diego 2
TOP OF THE 4TH
Red Deer Wranglers batting - Pitching for San Diego Smashers : LHP Rafael Alemán
Batting: LHB Alejandro Rojas 0-0: Ball
1-0: Ball
2-0: Foul Ball, location: 2F
2-1: Foul Ball, location: 2F
2-2: Ball
3-2: Strikes out swinging
Batting: RHB Ben Fisher 0-0: Ball
1-0: Swinging Strike
1-1: Ball
2-1: Ball
3-1: Foul Ball, location: 2F
3-2: Foul Ball, location: 2F
3-2: DOUBLE (Flyball, 89D)
Batting: RHB Art Cameron 0-0: Ball
1-0: Called Strike
1-1: Foul Ball, location: 2F
1-2: Ball
2-2: Strikes out swinging
Batting: RHB Steve Burton 0-0: Ball
1-0: Called Strike
1-1: Swinging Strike
1-2: Ball
2-2: Strikes out swinging
Top of the 4th over - 0 run(s), 1 hit(s), 0 error(s), 1 left on base; Red Deer 1 - San Diego 2
BOTTOM OF THE 4TH
San Diego Smashers batting - Pitching for Red Deer Wranglers : RHP José Ramos
Batting: LHB Richard Brooks 0-0: Foul Ball, location: 2F
0-1: Ball
1-1: Foul Ball, location: 2F
1-2: Ball
2-2: SINGLE (Groundball, 34D)
Batting: RHB Ray Rogers 0-0: Swinging Strike
0-1: Ball
1-1: Ball
2-1: Foul Ball, location: 2F
2-2: Grounds into double play, 4-6-3 (Groundball, 4)
Batting: RHB Gustavo Torres 0-0: Ball
1-0: Foul Ball, location: 2F
1-1: Ball
2-1: Ground out 5-3 (Groundball, 5)
Bottom of the 4th over - 0 run(s), 1 hit(s), 0 error(s), 0 left on base; Red Deer 1 - San Diego 2
TOP OF THE 5TH
Red Deer Wranglers batting - Pitching for San Diego Smashers : LHP Rafael Alemán
Batting: SHB Robbie Rhodes 0-0: Foul Ball, location: 2F
0-1: Ball
1-1: Called Strike
1-2: Ground out 1-3 (Groundball, 15S)
Batting: LHB Jorge Olvera 0-0: Ball
1-0: Ground out 6-3 (Groundball, 6)
Batting: RHB Allen Brown 0-0: Foul Ball, location: 2F
0-1: Ball
1-1: Foul Ball, location: 2F
1-2: Strikes out looking
Top of the 5th over - 0 run(s), 0 hit(s), 0 error(s), 0 left on base; Red Deer 1 - San Diego 2
BOTTOM OF THE 5TH
San Diego Smashers batting - Pitching for Red Deer Wranglers : RHP José Ramos
Batting: RHB John Nelson 0-0: Ball
1-0: Called Strike
1-1: Swinging Strike
1-2: Ball
2-2: Strikes out looking
Batting: RHB Manny Torrez 0-0: Ball
1-0: Foul Ball, location: 2F
1-1: Called Strike
1-2: Foul Ball, location: 2F
1-2: Ball
2-2: Foul Ball, location: 2F
2-2: Ball
3-2: Fly out, F9 (Flyball, 9)
Batting: RHB Dave King 0-0: Called Strike
0-1: Ball
1-1: SINGLE (Popup, 3D)
Batting: LHB Michael Myers 0-0: Ball
1-0: Called Strike
1-1: Called Strike
1-2: Ball
2-2: Ball
3-2: SINGLE (Line Drive, 89M)
Dave King to second
Dave King to third
Batting: RHB Gerald Davis 0-0: Ball
1-0: Foul Ball, location: 2F
1-1: Called Strike
1-2: Fly out, F7 (Flyball, 7LD)
Bottom of the 5th over - 0 run(s), 2 hit(s), 0 error(s), 2 left on base; Red Deer 1 - San Diego 2
TOP OF THE 6TH
Red Deer Wranglers batting - Pitching for San Diego Smashers : LHP Rafael Alemán
Pitching: RHP Norberto Deleón
Batting: LHB Fred Abrams 0-0: Ball
1-0: SINGLE (Groundball, 4) (infield hit)
Batting: RHB Luis Ibarra 0-0: Ball
1-0: Called Strike
1-1: Ball
2-1: Ball
3-1: Foul Ball, location: 2F
3-2: Strikes out swinging
Batting: LHB Alejandro Rojas 0-0: Called Strike
0-1: Called Strike
0-2: Ball
1-2: Strikes out swinging
Batting: RHB Ben Fisher 0-0: Ball
1-0: Ball
2-0: Ball
3-0: Base on Balls
Fred Abrams to second
Batting: RHB Art Cameron 0-0: Ball
1-0: Ball
2-0: Ball
3-0: Base on Balls
Fred Abrams to third
Ben Fisher to second
Batting: RHB Steve Burton 0-0: Ball
1-0: Foul Ball, location: 2F
1-1: Ball
2-1: Foul Ball, location: 2F
2-2: Ball
3-2: Strikes out swinging
Top of the 6th over - 0 run(s), 1 hit(s), 0 error(s), 3 left on base; Red Deer 1 - San Diego 2
BOTTOM OF THE 6TH
San Diego Smashers batting - Pitching for Red Deer Wranglers : RHP José Ramos
Batting: LHB Ethan Shaw 0-0: Called Strike
0-1: Swinging Strike
0-2: Foul Ball, location: 2F
0-2: Ball
1-2: Ball
2-2: Fly out, F3 (Popup, 3S)
Batting: LHB Richard Brooks 0-0: Foul Ball, location: 2F
0-1: Called Strike
0-2: Ball
1-2: Foul Ball, location: 2F
1-2: Foul Ball, location: 2F
1-2: Foul Ball, location: 2F
1-2: Ball
2-2: Ball
3-2: Base on Balls
Pitching: RHP Ray Kimball
Batting: RHB Ray Rogers 0-0: Called Strike
0-1: Foul Ball, location: 2F
0-2: Ball
1-2: Strikes out swinging
Batting: RHB Gustavo Torres 0-0: Called Strike
0-1: Ball
1-1: Swinging Strike
1-2: Foul Ball, location: 2F
1-2: Foul Ball, location: 2F
1-2: Ball
2-2: Strikes out swinging
Bottom of the 6th over - 0 run(s), 0 hit(s), 0 error(s), 1 left on base; Red Deer 1 - San Diego 2
TOP OF THE 7TH
Red Deer Wranglers batting - Pitching for San Diego Smashers : RHP Norberto Deleón
Batting: SHB Robbie Rhodes 0-0: Called Strike
0-1: Ball
1-1: Foul Ball, location: 2F
1-2: Ball
2-2: Fly out, F7 (Flyball, 7LS)
Pitching: LHP Mike Stevens
Batting: LHB Jorge Olvera 0-0: Ground out U3 (Groundball, 34)
Batting: RHB Allen Brown 0-0: Ball
1-0: Ball
2-0: Ball
3-0: Called Strike
3-1: Base on Balls
Pitching: LHP Alejandro Flores
Batting: LHB Fred Abrams 0-0: Ball
1-0: Fly out, F5 (Line Drive, 56)
Top of the 7th over - 0 run(s), 0 hit(s), 0 error(s), 1 left on base; Red Deer 1 - San Diego 2
BOTTOM OF THE 7TH
San Diego Smashers batting - Pitching for Red Deer Wranglers : RHP Ray Kimball
Batting: RHB John Nelson 0-0: Called Strike
0-1: Fly out, F4 (Popup, 4D)
Batting: RHB Manny Torrez 0-0: Ball
1-0: Foul Ball, location: 2F
1-1: Ground out 4-3 (Groundball, 4)
Batting: RHB Dave King 0-0: Foul Ball, location: 2F
0-1: Swinging Strike
0-2: Ball
1-2: Ball
2-2: Strikes out swinging
Bottom of the 7th over - 0 run(s), 0 hit(s), 0 error(s), 0 left on base; Red Deer 1 - San Diego 2
TOP OF THE 8TH
Red Deer Wranglers batting - Pitching for San Diego Smashers : LHP Alejandro Flores
Pitching: RHP Rick Hernández
Batting: RHB Luis Ibarra 0-0: Ball
1-0: Called Strike
1-1: DOUBLE (Line Drive, 9D)
Pitching: LHP Brock Saunders
Pinch Hitting: RHB Xavier López 0-0: Called Strike
0-1: Bunted foul
0-2: Ball
1-2: Strikes out swinging
Pitching: RHP Vicente Calderón
Batting: RHB Ben Fisher 0-0: Ball
1-0: Ball
2-0: Ball
3-0: Called Strike
3-1: Swinging Strike
3-2: Base on Balls
Pinch Hitting: LHB Andrew Veeck 0-0: Swinging Strike
0-1: Foul Ball, location: 2F
0-2: Ball
1-2: Strikes out looking
Batting: RHB Steve Burton 0-0: Called Strike
0-1: Ball
1-1: Fly out, F7 (Line Drive, 7)
Top of the 8th over - 0 run(s), 1 hit(s), 0 error(s), 2 left on base; Red Deer 1 - San Diego 2
BOTTOM OF THE 8TH
San Diego Smashers batting - Pitching for Red Deer Wranglers : RHP Ray Kimball
Pitching: LHP Macy Catron
Now at 1B: Héctor Santos
Now in LF: Andrew Veeck
Batting: LHB Michael Myers 0-0: Ball
1-0: Called Strike
1-1: Ball
2-1: Ball
3-1: Base on Balls
Pinch Hitting: RHB Fred Ameris 0-0: Ball
1-0: SINGLE (Line Drive, 3)
Michael Myers to second
Batting: LHB Ethan Shaw 0-0: SINGLE (Groundball, 4MD)
Michael Myers to third
Fred Ameris to second
Runner from 3rd tries for Home, SAFE, no throw
Pitching: RHP Michael Walton
Batting: LHB Richard Brooks 0-0: Ball
1-0: Ball
2-0: Called Strike
2-1: Ball
3-1: Base on Balls
Fred Ameris to third
Ethan Shaw to second
Pinch Hitting: LHB Arthur MacDonald 0-0: Ball
1-0: Called Strike
1-1: Ball
2-1: Ball
3-1: Called Strike
3-2: Foul Ball, location: 2F
3-2: DOUBLE (Line Drive, 9LD)
Fred Ameris scores
Ethan Shaw scores
Richard Brooks to third
Batting: RHB Gustavo Torres 0-0: Ground out 6-3 (Groundball, 56)
Richard Brooks scores
Batting: RHB John Nelson 0-0: Ball
1-0: Called Strike
1-1: Foul Ball, location: 2F
1-2: Strikes out swinging
Batting: RHB Manny Torrez 0-0: Called Strike
0-1: Ball
1-1: Ball
2-1: Swinging Strike
2-2: Ball
3-2: SINGLE (Groundball, 56D)
Arthur MacDonald to third
Arthur MacDonald scores
Batting: RHB Dave King 0-0: Called Strike
Manny Torrez is caught stealing 2nd base
Bottom of the 8th over - 5 run(s), 4 hit(s), 0 error(s), 0 left on base; Red Deer 1 - San Diego 7
TOP OF THE 9TH
Red Deer Wranglers batting - Pitching for San Diego Smashers : RHP Vicente Calderón
Now at 1B: Fred Ameris
Now at SS: Walt Rodgers
Batting: SHB Robbie Rhodes 0-0: Called Strike
0-1: Ball
1-1: Ball
2-1: Called Strike
2-2: SINGLE (Line Drive, 7S)
Batting: LHB Jorge Olvera 0-0: Called Strike
0-1: Ball
Wild Pitch!
Robbie Rhodes to second
1-1: Swinging Strike
1-2: Ball
2-2: Ball
3-2: Base on Balls
Batting: RHB Allen Brown 0-0: Ball
1-0: Ball
2-0: Called Strike
2-1: Foul Ball, location: 2F
2-2: Ball
3-2: Strikes out swinging
Batting: LHB Fred Abrams 0-0: Ball
1-0: Fly out, F9 (Flyball, 9LM)
Batting: RHB Luis Ibarra 0-0: Ball
1-0: Ball
2-0: Fielders Choice at 2nd, 5-4 (Groundball, 56)
Top of the 9th over - 0 run(s), 1 hit(s), 0 error(s), 1 left on base; Red Deer 1 - San Diego 7
Tuesday, August 8th, 2017 - OOTP Baseball 17.12 Build 75